AA CENTRAL
AMARILLO SOD POODLES @ MIDLAND ROCKHOUNDS
06/10/2042
 
TOP OF THE 1ST
Amarillo Sod Poodles batting - Pitching for Midland RockHounds : LHP Mauro Figueroa
Pitching: LHP Mauro Figueroa
Batting: RHB José Rosário 0-0: Ground out 4-3 (Groundball, 4, EV 92.5 MPH)
Batting: RHB Luis Corona 0-0: Ball
1-0: Swinging Strike
1-1: Called Strike
1-2: Foul Ball, location: 2F
1-2: Foul Ball, location: 9LDF
1-2: Foul Ball, location: 3F
1-2: Foul Ball, location: 7LDF
1-2: Strikes out swinging, 2-3 out at first.
Batting: RHB José Gutiérrez 0-0: Ball
1-0: Called Strike
1-1: Foul Ball, location: 2F
1-2: Ball
2-2: Ball
3-2: Base on Balls
Batting: RHB Steve O'Neill 0-0: Called Strike
José Gutiérrez steals 2nd base
0-1: Foul Ball, location: 9LMF
0-2: Ball
1-2: Foul Ball, location: 2RF
1-2: DOUBLE (Line Drive, 89D, EV 105.0 MPH)
José Gutiérrez scores
Batting: LHB Clint Moore 0-0: Ball
1-0: Ball
2-0: Foul Ball, location: 25F
2-1: Foul Ball, location: 7LMF
2-2: SINGLE (Line Drive, 3D, EV 94.4 MPH)
Steve O'Neill to third
Runner from 3rd tries for Home, throw by RF and OUT! 9-2
Top of the 1st over - 1 run, 2 hits, 0 errors, 1 left on base; Amarillo 1 - Midland 0
BOTTOM OF THE 1ST
Midland RockHounds batting - Pitching for Amarillo Sod Poodles : LHP Bob Blackburn
Pitching: LHP Bob Blackburn
Batting: SHB Jim Douglas 0-0: Ground out 6-3 (Groundball, 6M, EV 88.8 MPH)
Batting: RHB Bob Page 0-0: Ground out 1-3 (Groundball, P, EV 68.8 MPH)
Batting: RHB Sandoval Buitrago 0-0: Ball
1-0: Foul Ball, location: 25FF
1-1: SINGLE (Line Drive, 5L, EV 99.4 MPH)
Batting: SHB Jim Brown 0-0: Called Strike
0-1: Ball
1-1: Ball
2-1: Foul Ball, location: 2F
2-2: Strikes out swinging
Bottom of the 1st over - 0 runs, 1 hit, 0 errors, 1 left on base; Amarillo 1 - Midland 0
TOP OF THE 2ND
Amarillo Sod Poodles batting - Pitching for Midland RockHounds : LHP Mauro Figueroa
Batting: RHB Mike Walker 0-0: Called Strike
0-1: Called Strike
0-2: Strikes out swinging
Batting: LHB Bernardo Morales 0-0: Called Strike
0-1: Ball
1-1: TRIPLE (Flyball, 9D, EV 101.9 MPH)
Batting: RHB Jim Unknown 0-0: Ball
1-0: Called Strike
1-1: Foul Ball, location: 2F
1-2: Foul Ball, location: 5FF
1-2: Strikes out looking
Batting: RHB Jim Unknown 0-0: Foul Ball, location: 9LSF
0-1: SINGLE (Groundball, 4MD, EV 103.1 MPH)
Bernardo Morales scores
Batting: RHB José Rosário 0-0: Called Strike
0-1: Foul Ball, location: 9LMF
0-2: Strikes out looking
Top of the 2nd over - 1 run, 2 hits, 0 errors, 1 left on base; Amarillo 2 - Midland 0
BOTTOM OF THE 2ND
Midland RockHounds batting - Pitching for Amarillo Sod Poodles : LHP Bob Blackburn
Batting: LHB Bobby Heyward 0-0: Ball
1-0: Ball
2-0: Ground out 4-3 (Groundball, 4, EV 104.4 MPH)
Batting: RHB Tim Elliott 0-0: Ball
1-0: Foul Ball, location: 2F
1-1: Called Strike
1-2: DOUBLE (Line Drive, 8LXD, EV 110.0 MPH)
Batting: LHB Steve Hamilton 0-0: Ball
1-0: Foul Ball, location: 2F
1-1: Ball
2-1: Swinging Strike
2-2: Foul Ball, location: 2F
2-2: Ground out 3-1 (Groundball, 34, EV 91.9 MPH)
Tim Elliott to third
Batting: RHB Andy Gray 0-0: Called Strike
0-1: SINGLE (Line Drive, 8RS, EV 95.0 MPH)
Tim Elliott scores
Batting: LHB Arturo Souza 0-0: Called Strike
0-1: Fly out, F8 (Flyball, 78S, EV 91.3 MPH)
Bottom of the 2nd over - 1 run, 2 hits, 0 errors, 1 left on base; Amarillo 2 - Midland 1
TOP OF THE 3RD
Amarillo Sod Poodles batting - Pitching for Midland RockHounds : LHP Mauro Figueroa
Batting: RHB Luis Corona 0-0: Called Strike
0-1: Foul Ball, location: 5F
0-2: Ball
1-2: Ball
2-2: SINGLE (Line Drive, 7S, EV 99.4 MPH)
Batting: RHB José Gutiérrez 0-0: Called Strike
0-1: Foul Ball, location: 25F
0-2: Foul Ball, location: 9LMF
0-2: Hit by Pitch
Luis Corona to second
Batting: RHB Steve O'Neill 0-0: Foul Ball, location: 9LDF
0-1: Foul Ball, location: 25FF
0-2: Ball
1-2: Ball
2-2: Foul Ball, location: 3FF
2-2: Ball
3-2: Base on Balls
Luis Corona to third
José Gutiérrez to second
Batting: LHB Clint Moore 0-0: Ball
1-0: Swinging Strike
1-1: Fly out, F9 (Flyball, 89M, EV 97.5 MPH)
Runner from 3rd tags up, SCORES, throw by RF
Batting: RHB Mike Walker 0-0: Called Strike
0-1: Ball
1-1: Foul Ball, location: 2F
1-2: 3-RUN HOME RUN (Flyball, 7D, EV 96.9 MPH), Distance : 383 ft
Pitching: RHP Raúl Concepción
Batting: LHB Bernardo Morales 0-0: Foul Ball, location: 3F
0-1: Foul Ball, location: 2F
0-2: Ball
1-2: Fly out, F9 (Flyball, 9LS, EV 85.6 MPH)
Batting: RHB Jim Unknown 0-0: Foul Ball, location: 3DF
0-1: Foul Ball, location: 2F
0-2: Strikes out swinging
Top of the 3rd over - 4 runs, 2 hits, 0 errors, 0 left on base; Amarillo 6 - Midland 1
BOTTOM OF THE 3RD
Midland RockHounds batting - Pitching for Amarillo Sod Poodles : LHP Bob Blackburn
Batting: SHB Jim Douglas 0-0: Ball
1-0: Foul Ball, location: 2F
1-1: Ball
2-1: Called Strike
2-2: Strikes out swinging
Batting: RHB Bob Page 0-0: Ball
1-0: Fly out, F6 (Line Drive, 6, EV 66.3 MPH)
Batting: RHB Sandoval Buitrago 0-0: Swinging Strike
0-1: Ball
1-1: Called Strike
1-2: Ball
2-2: Fly out, F8 (Line Drive, 8RM, EV 91.9 MPH)
Bottom of the 3rd over - 0 runs, 0 hits, 0 errors, 0 left on base; Amarillo 6 - Midland 1
TOP OF THE 4TH
Amarillo Sod Poodles batting - Pitching for Midland RockHounds : RHP Raúl Concepción
Batting: RHB Jim Unknown 0-0: Ground out 6-3 (Groundball, 6, EV 82.5 MPH)
Batting: RHB José Rosário 0-0: Ball
1-0: Ball
2-0: Ground out 4-3 (Groundball, 34, EV 80.6 MPH)
Batting: RHB Luis Corona 0-0: Ball
1-0: Ball
2-0: Called Strike
2-1: Swinging Strike
2-2: Strikes out swinging
Top of the 4th over - 0 runs, 0 hits, 0 errors, 0 left on base; Amarillo 6 - Midland 1
BOTTOM OF THE 4TH
Midland RockHounds batting - Pitching for Amarillo Sod Poodles : LHP Bob Blackburn
Batting: SHB Jim Brown 0-0: Ball
1-0: Ball
2-0: Ball
3-0: Called Strike
3-1: Fly out, F7 (Flyball, 78XD, EV 101.3 MPH)
Batting: LHB Bobby Heyward 0-0: Foul Ball, location: 5SF
0-1: Ball
1-1: Foul Ball, location: 7LSF
1-2: SOLO HOME RUN (Flyball, 9D, EV 98.1 MPH), Distance : 370 ft
Batting: RHB Tim Elliott 0-0: Foul Ball, location: 9LSF
0-1: Foul Ball, location: 9LDF
0-2: Ball
1-2: Ball
2-2: Strikes out swinging
Batting: LHB Steve Hamilton 0-0: Ball
1-0: DOUBLE (Line Drive, 89XD, EV 111.3 MPH)
Batting: RHB Andy Gray 0-0: Called Strike
0-1: Ball
1-1: Called Strike
1-2: Ball
2-2: Strikes out looking
Bottom of the 4th over - 1 run, 2 hits, 0 errors, 1 left on base; Amarillo 6 - Midland 2
TOP OF THE 5TH
Amarillo Sod Poodles batting - Pitching for Midland RockHounds : RHP Raúl Concepción
Batting: RHB José Gutiérrez 0-0: Called Strike
0-1: Fly out, F3 (Popup, 3SF, EV 78.8 MPH)
Batting: RHB Steve O'Neill 0-0: Ball
1-0: Ball
2-0: Ball
3-0: Called Strike
3-1: Called Strike
3-2: Fly out, F8 (Flyball, 89D, EV 93.1 MPH)
Batting: LHB Clint Moore 0-0: Ground out U3 (Groundball, 34S, EV 85.6 MPH)
Top of the 5th over - 0 runs, 0 hits, 0 errors, 0 left on base; Amarillo 6 - Midland 2
BOTTOM OF THE 5TH
Midland RockHounds batting - Pitching for Amarillo Sod Poodles : LHP Bob Blackburn
Batting: LHB Arturo Souza 0-0: Ball
1-0: Foul Ball, location: 23F
1-1: Ground out 6-3 (Groundball, 56, EV 93.8 MPH)
Batting: SHB Jim Douglas 0-0: Ball
1-0: Ground out 5-3 (Groundball, 56, EV 85.6 MPH)
Batting: RHB Bob Page 0-0: Called Strike
0-1: Swinging Strike
0-2: Ball
1-2: Ball
2-2: Ball
3-2: Foul Ball, location: 3DF
3-2: Foul Ball, location: 23F
3-2: Base on Balls
Batting: RHB Sandoval Buitrago 0-0: Ball
1-0: Called Strike
1-1: Foul Ball, location: 25F
1-2: Strikes out swinging
Bottom of the 5th over - 0 runs, 0 hits, 0 errors, 1 left on base; Amarillo 6 - Midland 2
TOP OF THE 6TH
Amarillo Sod Poodles batting - Pitching for Midland RockHounds : RHP Raúl Concepción
Batting: RHB Mike Walker 0-0: Ball
1-0: Ball
2-0: Fly out, F9 (Flyball, 89D, EV 87.5 MPH)
Batting: LHB Bernardo Morales 0-0: Fly out, F7 (Flyball, 7, EV 94.4 MPH)
Batting: RHB Jim Unknown 0-0: Called Strike
0-1: Called Strike
0-2: Ball
1-2: Ball
2-2: Foul Ball, location: 2F
2-2: Ball
3-2: Foul Ball, location: 2F
3-2: Ground out 6-3 (Groundball, 6M, EV 80.0 MPH)
Top of the 6th over - 0 runs, 0 hits, 0 errors, 0 left on base; Amarillo 6 - Midland 2
BOTTOM OF THE 6TH
Midland RockHounds batting - Pitching for Amarillo Sod Poodles : LHP Bob Blackburn
Batting: SHB Jim Brown 0-0: Ball
1-0: Called Strike
1-1: Called Strike
1-2: Foul Ball, location: 7LSF
1-2: Strikes out swinging
Batting: LHB Bobby Heyward 0-0: Foul Ball, location: 3SF
0-1: Swinging Strike
0-2: Strikes out looking and he ARGUES THE CALL AND IS TOSSED!
Batting: RHB Tim Elliott 0-0: Called Strike
0-1: Ground out 1-3 (Groundball, 34S, EV 66.3 MPH)
Bottom of the 6th over - 0 runs, 0 hits, 0 errors, 0 left on base; Amarillo 6 - Midland 2
TOP OF THE 7TH
Amarillo Sod Poodles batting - Pitching for Midland RockHounds : RHP Raúl Concepción
Now in CF: Jim Gibson
Now in RF: Steve Hamilton
Batting: RHB Jim Unknown 0-0: SINGLE (Line Drive, 4MD, EV 105.0 MPH)
Batting: RHB José Rosário 0-0: Swinging Strike
0-1: Foul Ball, location: 2RF
0-2: Ball
1-2: Foul Ball, location: 2F
1-2: Strikes out swinging
Batting: RHB Luis Corona 0-0: Ball
1-0: Called Strike
1-1: Ball
2-1: Fly out, F9 (Flyball, 9LM, EV 84.4 MPH)
Batting: RHB José Gutiérrez 0-0: Ball
1-0: Called Strike
1-1: Foul Ball, location: 25F
1-2: Ground out 5-3 (Groundball, 56, EV 101.3 MPH)
Top of the 7th over - 0 runs, 1 hit, 0 errors, 1 left on base; Amarillo 6 - Midland 2
BOTTOM OF THE 7TH
Midland RockHounds batting - Pitching for Amarillo Sod Poodles : LHP Bob Blackburn
Batting: LHB Steve Hamilton 0-0: Ball
1-0: Foul Ball, location: 7LSF
1-1: Foul Ball, location: 2F
1-2: Ball
2-2: Foul Ball, location: 2F
2-2: Foul Ball, location: 2F
2-2: Ball
3-2: Fly out, F8 (Flyball, 8LD, EV 104.4 MPH)
Batting: RHB Andy Gray 0-0: Called Strike
0-1: SINGLE (Groundball, 15S, EV 61.9 MPH) (infield hit)
Batting: LHB Arturo Souza 0-0: Called Strike
0-1: Grounds into double play, 5-4-3 (Groundball, 56, EV 104.4 MPH)
Bottom of the 7th over - 0 runs, 1 hit, 0 errors, 0 left on base; Amarillo 6 - Midland 2
TOP OF THE 8TH
Amarillo Sod Poodles batting - Pitching for Midland RockHounds : RHP Raúl Concepción
Batting: RHB Steve O'Neill 0-0: Ball
1-0: Called Strike
1-1: Ball
2-1: Ground out 4-3 (Groundball, 4D, EV 94.4 MPH)
Batting: LHB Clint Moore 0-0: Ball
1-0: Called Strike
1-1: Ball
2-1: Foul Ball, location: 7LSF
2-2: Ball
3-2: Strikes out swinging
Batting: RHB Mike Walker 0-0: Ball
1-0: Foul Ball, location: 5F
1-1: Foul Ball, location: 2F
1-2: Foul Ball, location: 25F
1-2: Ball
2-2: Ball
3-2: SOLO HOME RUN (Flyball, 9D, EV 98.1 MPH), Distance : 380 ft
Batting: LHB Bernardo Morales 0-0: Ball
1-0: Ball
2-0: Called Strike
2-1: Foul Ball, location: 25F
2-2: Ball
3-2: Fly out, F7 (Line Drive, 7, EV 101.9 MPH)
Top of the 8th over - 1 run, 1 hit, 0 errors, 0 left on base; Amarillo 7 - Midland 2
BOTTOM OF THE 8TH
Midland RockHounds batting - Pitching for Amarillo Sod Poodles : LHP Bob Blackburn
Batting: SHB Jim Douglas 0-0: Ball
1-0: Ball
2-0: Ball
3-0: Called Strike
3-1: Fly out, F8 (Flyball, 8RM, EV 95.0 MPH)
Pitching: RHP Octávio Castro
Batting: RHB Bob Page 0-0: Called Strike
0-1: Foul Ball, location: 9LDF
0-2: Strikes out looking
Batting: RHB Sandoval Buitrago 0-0: Ball
1-0: Foul Ball, location: 9LMF
1-1: Foul Ball, location: 2F
1-2: Foul Ball, location: 7LDF
1-2: Strikes out looking
Bottom of the 8th over - 0 runs, 0 hits, 0 errors, 0 left on base; Amarillo 7 - Midland 2
TOP OF THE 9TH
Amarillo Sod Poodles batting - Pitching for Midland RockHounds : RHP Raúl Concepción
Pitching: RHP Charlie González
Batting: RHB Jim Unknown 0-0: Ball
1-0: Called Strike
1-1: Ball
2-1: Ball
3-1: Fly out, F7 (Flyball, 78D, EV 100.6 MPH)
Batting: RHB Jim Unknown 0-0: Called Strike
0-1: Ball
1-1: Swinging Strike
1-2: Foul Ball, location: 2F
1-2: Foul Ball, location: 25F
1-2: Foul Ball, location: 5F
1-2: Strikes out swinging
Batting: RHB José Rosário 0-0: Called Strike
0-1: Ball
1-1: Fly out, F4 (Popup, 34, EV 59.4 MPH)
Top of the 9th over - 0 runs, 0 hits, 0 errors, 0 left on base; Amarillo 7 - Midland 2
BOTTOM OF THE 9TH
Midland RockHounds batting - Pitching for Amarillo Sod Poodles : RHP Octávio Castro
Batting: SHB Jim Brown 0-0: Ball
1-0: Ball
2-0: Foul Ball, location: 7LSF
2-1: Fly out, F8 (Flyball, 8RM, EV 78.1 MPH)
Batting: LHB Jim Gibson 0-0: Fly out, F9 (Flyball, 89M, EV 87.5 MPH)
Batting: RHB Tim Elliott 0-0: Called Strike
0-1: Ground out 6-3 (Groundball, 6, EV 81.9 MPH)
Bottom of the 9th over - 0 runs, 0 hits, 0 errors, 0 left on base; Amarillo 7 - Midland 2
Friday, May 3rd , 2024 - OOTP Baseball 24.10 Build 82